 Dungeon Crawl Stone Soup version 0.31-a0-925-g0a390f2509 (webtiles) character file.

Game seed: 15318886518022273906

18748 lunkers the Black Belt (level 13, -3/110 HPs)
             Began as a Meteoran Shapeshifter on Oct 18, 2023.
             Was a High Priest of Okawaru.
             Slain by a cane toad (17 damage)
             ... on level 4 of the Lair of Beasts.
             The game lasted 00:17:37 (6268 turns).

lunkers the Black Belt (Meteoran Shapeshifter)      Turns: 6268, Time: 00:17:38

Health: -3/110     AC: 24    Str: 16    XL:     13   Next: 26%
Magic:  21/21      EV: 16    Int: 12    God:    Okawaru [*****.]
Gold:   1593       SH:  0    Dex: 25    Spells: 12/12 levels left

rFire   . .          .
                       - Unarmed
rCold   + . .        (shield currently unavailable)
rNeg    . . .        J - +4 chain mail {rC+}
rPois   .            (no helmet)
rElec   .            (no cloak)
rCorr   .            (no gloves)
SInv    +            j - +3 pair of boots of Wariness {Contam +Blink Dex+6 SInv}
Will    +....        e - amulet of regeneration
Stlth   +            G - +4 ring of protection
HPRegen 1.18/turn    E - +4 ring of slaying
MPRegen 0.17/turn

%: no passive effects
@: flux-form, heroic, glowing
A: glow, contaminating, sense surroundings 2, otherworldly, glowing, explore
regen
a: Begin Untransformation, Renounce Religion, Evoke Blink, Heroism, Finesse,
Duel


You were on level 4 of the Lair of Beasts.
You worshipped Okawaru.
Okawaru was extremely pleased with you.
You were something dangerously unstable.
You visited 3 branches of the dungeon, and saw 15 of its levels.
You also visited: Sewer and Bailey.

You collected 1593 gold pieces.

Inventory:

Missiles
 r - a throwing net
 A - 7 curare-tipped darts
 H - 2 silver javelins
 L - a datura-tipped dart
 O - 3 boomerangs
Armour
 f - a +1 ring mail
 j - the +3 pair of boots of Wariness (worn) {Contam +Blink Dex+6 SInv}
   (You found it on level 2 of the Dungeon)

   Dex+6:     It affects your dexterity (+6).
   SInv:      It lets you see invisible.
   +Blink:    It lets you blink.
   Contam:    It causes magical contamination when unequipped.
 q - the +2 robe "Canubukk" {rCorr Stlth+}
   (You found it on level 5 of the Dungeon)

   rCorr:     It protects you from acid and corrosion.
   Stlth+:    It makes you more stealthy.
 v - +0 steam dragon scales
 y - an orb of energy
 I - a scarf of resistance
 J - a +4 chain mail of cold resistance (worn)
Jewellery
 e - an amulet of regeneration (around neck)
 n - an amulet of faith
 u - an amulet of the acrobat
 E - a +4 ring of slaying (right hand)
 G - a +4 ring of protection (left hand)
Talismans
 c - a beast talisman
 d - a flux talisman (active)
 t - a serpent talisman
Wands
 k - a wand of iceblast (20)
 o - a wand of acid (8)
 x - a wand of polymorph (14)
Scrolls
 i - a scroll of amnesia
 p - 2 scrolls of enchant weapon
 s - 2 scrolls of fog
 B - a scroll of blinking
 D - a scroll of fear
Potions
 a - 2 potions of curing
 b - 3 potions of lignification
 g - 7 potions of mutation
 h - 6 potions of haste
 l - 3 potions of heal wounds
 m - 2 potions of invisibility
 w - 3 potions of cancellation
 z - a potion of attraction {unknown}
 C - a potion of might {unknown}
 K - a potion of magic {unknown}
 M - 2 potions of berserk rage
 N - a potion of brilliance {unknown}


   Skills:
 + Level 8.8(13.8) Fighting
 + Level 5.1(10.1) Armour
 - Level 7.3(12.3) Dodging
 * Level 15.3(20.3) Unarmed Combat
 + Level 9.6 Invocations
 + Level 10.4 Shapeshifting


You had 12 spell levels left.
You didn't know any spells.
Your spell library contained the following spells:

 Spells                   Type           Power      Damage    Failure   Level
 Apportation              Tloc           0%         N/A       95%         1
 Necrotise                Necr           0%         1d4       95%         1
 Cigotuvi's Dreadful Rot  Necr/Pois/Air  0%         N/A       98%         2
 Momentum Strike          Conj/Tloc      0%         3d8       98%         2
 Poisonous Vapours        Pois/Air       0%         N/A       98%         2
 Dazzling Flash           Conj/Hex       0%         N/A       100%        3
 Ignite Poison            Fire/Tmut/Pois 0%         N/A       100%        3
 Mephitic Cloud           Conj/Pois/Air  0%         N/A       100%        3
 Volatile Blastmotes      Fire/Tloc      0%         2d10      100%        3
 Leda's Liquefaction      Hex/Erth       0%         N/A       100%        4
 Manifold Assault         Tloc           0%         N/A       100%        4
 Freezing Cloud           Conj/Ice/Air   0%         6-21      100%        5
 Iskenderun's Battlesphe  Conj           0%         2d6       100%        5
 Lee's Rapid Deconstruct  Erth           0%         3d4*      100%        5
 Bombard                  Conj/Erth      0%         9d1       100%        6
 Dispersal                Tloc           0%         N/A       100%        6
 Starburst                Conj/Fire      0%         6d3       100%        6
 Disjunction              Tloc           0%         N/A       100%        8
 Maxwell's Capacitive Co  Air            0%         ∞         100%        8
 Summon Small Mammal      Summ           Unusable   N/A       N/A         1
 Spellforged Servitor     Conj/Summ      Unusable   N/A       N/A         7

Dungeon Overview and Level Annotations

Branches:
Dungeon (10/15) Zot: 1305  Temple (1/1) D:4 Zot: 545    Lair (4/5) D:10 Zot: 1506
  Swamp (0/4) Lair:3       Spider (0/4) Lair:3        Sewer (visited)
 Bailey (visited)
  Slime: Lair:4-5       Orc: D:9-12

Altars:
Ashenzari
Cheibriados
Dithmenos
Elyvilon
Fedhas
Gozag
Kikubaaqudgha
Makhleb
Nemelex Xobeh
Okawaru
Qazlal
Ru
Sif Muna
Vehumet
Wu Jian
Xom
Yredelemnul
Zin
The Shining One

Shops:
D:2 !   D:8 *

Annotations:
D:10 3 runed translucent doors, LeprechaunX's ghost, journeyman OpSh


Innate Abilities, Weirdness & Mutations

You are something dangerously unstable.
You glow with magical radiation, making you easy to see and hit.
Foes you strike become dangerously contaminated with magical radiation.
You are incapable of wielding weapons or throwing items.
You passively map the area around you.
You are easily found by Zot.
You glow in the dark.
You regain HP and MP as you explore.


Message History

The skyshark bites you but does no damage.
The skyshark closely misses you. The skyshark barely misses you.
The wolf barely misses you. The wolf closely misses you.
You hit the skyshark.
The skyshark glows dangerously bright.
The skyshark is severely wounded.
The wolf bites you.
* * * LOW HITPOINT WARNING * * *
The wolf completely misses you. The wolf bites you but does no damage.
The skyshark bites you.
* * * LOW HITPOINT WARNING * * *
The skyshark tastes blood and grows stronger!
The skyshark tail-slaps you.
* * * LOW HITPOINT WARNING * * *
The skyshark misses you. The yak gores you.
* * * LOW HITPOINT WARNING * * *
Unknown command.
You hit the skyshark.
The skyshark shudders as magic cascades through it!
You kill the skyshark!
Okawaru accepts your kill. The wolf barely misses you.
The wolf bites you but does no damage. x2
Unknown command.
You punch the yak!
You kill the yak!
Okawaru accepts your kill. The wolf completely misses you. The wolf bites you.
* * * LOW HITPOINT WARNING * * *
The wolf barely misses you. The wolf closely misses you.
Unknown command.
You miss the wolf. The wolf completely misses you. The wolf misses you.
The wolf closely misses you. The wolf barely misses you.
You hit the cane toad but do no damage.
The cane toad begins to glow.
The wolf barely misses you. x2
The cane toad stings you but does no damage.
The wolf closely misses you. x2
Unknown command.
You barely miss the cane toad. The wolf bites you but does no damage.
The wolf completely misses you. The wolf barely misses you.
The wolf bites you but does no damage. x2; The cane toad stings you!
You die...

...........................
,
...........................
,, *
......................##.#
....................###*##*
, ,
....................##### ,
,,
....................P.#.###.
............................
................hF..........
.........#.###Pph..........
,,..........#*##hh..........
........## *#............ *
......#, #.[............ * ,
, .................. ,
.....##.#......... ,,
##.##..>.##....... ,, ,***##
.h... #...... , , ,* ....⌠.
......,


You could see a cane toad (contam) and 4 wolves.

Vanquished Creatures
  Erica (D:8)
  A two-headed ogre (D:9)
  A skyshark (Lair:4)
  2 bog bodies (Lair:3)
  6 elephants
  A gargoyle (Bailey)
  3 cane toads
  Jeremiah (D:8)
  2 unseen horrors
  Maggie (D:7)
  2 rime drakes
  2 trolls
  A meliai (Lair:3)
  12 blink frogs (Lair:3)
  A hornet (D:10)
  Sigmund (D:3)
  14 yaks
  A vampire (Bailey)
  4 wyverns
  A steam dragon (D:8)
  2 basilisks
  Menkaure (D:4)
  3 water moccasins
  Duvessa (D:6)
  A sky beast (D:8)
  Pargi (Sewer)
  An orc warrior (D:10)
  2 ice beasts
  3 black bears
  6 wolves
  4 centaurs
  An ogre (D:5)
  A phantom (D:4)
  A kobold brigand (D:6)
  2 scorpions (D:4)
  2 bullfrogs
  6 wights (D:9)
  Dowan (D:6)
  14 killer bees
  9 vampire bats
  A howler monkey (D:9)
  6 wolf zombies (Bailey)
  3 jellies
  2 orc priests
  A gnoll bouda (D:7)
  6 hounds
  4 iguanas
  5 orc wizards
  3 gnolls (D:7)
  9 adders
  A river rat (D:5)
  A white imp (D:8)
  4 ufetubi
  A worm (D:4)
  4 dart slugs
  24 orcs
  6 ball pythons
  4 endoplasms
  6 giant cockroaches
  9 goblins
  8 hobgoblins
  7 jackals
  7 quokkas
  15 bats
  2 frilled lizards
  12 kobolds
  18 orc zombies (Bailey)
  6 rats
295 creatures vanquished.

Notes
Turn   | Place    | Note
-------+----------+-------------------------------------------
     0 | D:1      | lunkers the Meteoran Shapeshifter began the quest for the
                  | Orb.
     0 | D:1      | Reached XP level 1. HP: 16/16 MP: 2/2
    21 | D:1      | Reached XP level 2. HP: 23/23 MP: 3/3
    24 | D:1      | Reached skill level 4 in Unarmed Combat
    89 | D:1      | Reached XP level 3. HP: 28/28 MP: 4/4
   335 | D:2      | Found Sexuiguz's Distillery.
   447 | D:2      | Identified the +3 pair of boots of Wariness {Contam +Blink
                  | Dex+6 SInv}
   499 | D:2      | Reached XP level 4. HP: 25/35 MP: 5/5
   571 | D:2      | Reached skill level 5 in Unarmed Combat
   763 | D:3      | Identified the "Uloremu"
   825 | D:3      | Noticed Sigmund
   842 | D:3      | Killed Sigmund
   843 | D:3      | Reached skill level 6 in Unarmed Combat
   843 | D:3      | Reached skill level 5 in Shapeshifting
   843 | D:3      | Reached XP level 5. HP: 21/40 MP: 6/6
   843 | D:3      | Reached XP level 6. HP: 25/47 MP: 7/7
   888 | D:3      | Reached skill level 7 in Unarmed Combat
  1060 | D:3      | Reached XP level 7. HP: 37/52 MP: 8/8
  1077 | D:3      | Found a faded altar of an unknown god.
  1211 | D:4      | Found a staircase to the Ecumenical Temple.
  1226 | D:4      | Reached skill level 8 in Unarmed Combat
  1228 | Temple   | Entered the Ecumenical Temple
  1257 | Temple   | Became a worshipper of Warmaster Okawaru
  1324 | D:4      | Noticed Menkaure
  1330 | D:4      | Killed Menkaure
  1331 | D:4      | Reached skill level 1 in Invocations
  1331 | D:4      | Reached XP level 8. HP: 38/59 MP: 9/9
  1492 | D:5      | Entered Level 5 of the Dungeon
  1498 | D:5      | Reached * piety under Okawaru
  1658 | D:5      | Found a glowing drain.
  1662 | Sewer    | Entered a sewer
  1769 | Sewer    | Noticed Pargi
  1779 | Sewer    | Killed Pargi
  1780 | Sewer    | Reached skill level 9 in Unarmed Combat
  1966 | D:5      | Identified the +2 robe "Canubukk" {rCorr Stlth+}
  2026 | D:5      | Gained mutation: You passively map the area around you.
                  | [Meteoran growth]
  2026 | D:5      | Reached XP level 9. HP: 49/69 MP: 12/12
  2213 | D:6      | Noticed Dowan
  2214 | D:6      | Noticed Duvessa
  2229 | D:6      | Killed Duvessa
  2229 | D:6      | Reached ** piety under Okawaru
  2235 | D:6      | Killed Dowan
  2570 | D:7      | Reached skill level 10 in Unarmed Combat
  2896 | D:7      | Identified a scroll of acquirement
  2896 | D:7      | Acquired 875 gold pieces
  2968 | D:7      | Found a glowing silver altar of Zin.
  3150 | D:7      | Noticed Maggie
  3163 | D:7      | Killed Maggie
  3233 | D:8      | Reached *** piety under Okawaru
  3234 | D:8      | Reached skill level 5 in Invocations
  3234 | D:8      | Reached XP level 10. HP: 76/80 MP: 14/14
  3246 | D:8      | Reached skill level 5 in Dodging
  3246 | D:8      | Found an ornate altar of the Wu Jian Council.
  3287 | D:8      | Noticed Erica
  3303 | D:8      | Killed Erica
  3304 | D:8      | Reached skill level 5 in Fighting
  3304 | D:8      | Reached skill level 11 in Unarmed Combat
  3462 | D:8      | Found Plog's General Store.
  3823 | D:8      | Noticed Jeremiah
  3849 | D:8      | Killed Jeremiah
  3849 | D:8      | Reached **** piety under Okawaru
  4075 | D:9      | Noticed a two-headed ogre
  4087 | D:9      | Killed a two-headed ogre
  4088 | D:9      | Reached skill level 12 in Unarmed Combat
  4088 | D:9      | Reached XP level 11. HP: 82/89 MP: 15/17
  4418 | D:10     | Entered Level 10 of the Dungeon
  4427 | D:10     | Reached ***** piety under Okawaru
  4728 | D:10     | Found a white marble altar of Elyvilon.
  4739 | D:10     | Found a runed translucent gate.
  4739 | D:10     | Found a runed translucent gate.
  4739 | D:10     | Found a runed translucent gate.
  4739 | D:10     | Noticed an 11-headed hydra
  4739 | D:10     | Noticed LeprechaunX's ghost (journeyman OpSh)
  4782 | D:10     | Found a flagged portal.
  4799 | Bailey   | Entered a bailey
  4903 | Bailey   | Reached skill level 13 in Unarmed Combat
  4914 | Bailey   | Received a gift from Okawaru
  5100 | Bailey   | Identified the +2 plate armour of Exclusion {Harm SInv}
  5241 | D:10     | Noticed an elephant
  5242 | D:10     | Found a staircase to the Lair.
  5254 | D:10     | Killed an elephant
  5315 | Lair:1   | Entered Level 1 of the Lair of Beasts
  5324 | Lair:1   | Reached skill level 1 in Armour
  5400 | Lair:1   | Reached XP level 12. HP: 100/100 MP: 18/18
  5537 | Lair:2   | Received a gift from Okawaru
  5664 | Lair:3   | Reached skill level 14 in Unarmed Combat
  5690 | Lair:3   | Noticed Sonja
  5738 | Lair:3   | Sonja changed into Sonja the unseen horror
  5738 | Lair:3   | Noticed Sonja
  5747 | Lair:3   | Killed Sonja the unseen horror
  5747 | Lair:3   | Received a gift from Okawaru
  5861 | Lair:3   | Noticed a bog body
  5862 | Lair:3   | Found a staircase to the Swamp.
  5863 | Lair:3   | Noticed a bog body
  5872 | Lair:3   | Killed a bog body
  5876 | Lair:3   | Killed a bog body
  5895 | Lair:3   | Identified the +0 ring mail "Wyacamap" {rPois Int-2 Dex+3}
  5899 | Lair:3   | Found a hole to the Spider Nest.
  5949 | Lair:3   | Reached skill level 10 in Shapeshifting
  6063 | Lair:3   | Reached XP level 13. HP: 87/108 MP: 20/20
  6067 | Lair:3   | Received a gift from Okawaru
  6068 | Lair:3   | Reached skill level 15 in Unarmed Combat
  6253 | Lair:4   | Reached skill level 5 in Armour
  6268 | Lair:4   | Slain by a cane toad

Illustrated notes

Levels and vault maps discovered:
D:1:      amcnicky_arrival_underground_garden, layout_rooms
D:2:      layout_loops_cross, serial_shops, shop, chequers_serial_rivers_marsh
D:3:      layout_basic, dreamdust_ecumenical_altar_grove,
          minmay_misc_feat_square, uniq_sigmund
D:4:      layout_rooms, minmay_temple_entry_junction, serial_bayou,
          serial_bayou_pond_c, serial_bayou_pond_a, serial_bayou_pond_b,
          serial_bayou_shore_a, uniq_menkaure
D:5:      layout_basic, gup_sewer_entry_spiral
D:6:      layout_basic, nicolae_hepliaklqana_hippocampus, uniq_duvessa
D:7:      layout_loops_corners, zin_treasury, serial_glass, glass_columns_c,
          glass_columns_a, hangedman_abyss_or_decor_lesser_grid,
          kennysheep_pointless_box, uniq_maggie
D:8:      layout_basic, chequers_temple_overflow_statue_of_worship,
          mainiacjoe_overflow_six_doors_small, serial_shops, nicolae_shop_trees,
          uniq_jeremiah, uniq_erica
D:9:      layout_gridville, st_stairs_6
D:10:     layout_cave_pods, kennysheep_mini_moat, david_lair_generic,
          enter_bailey_3, gammafunk_ghost_hydra_chop, st_stairs_9
Temple:   regret_index_temple_sphere_string
Lair:1:   layout_chaotic_city, serial_bayou_lagoon_b
Lair:2:   layout_cave_pods, hellmonk_ghost_happy_afterlife
Lair:3:   layout_hall_layers, skrybe_swamp_entry_bodies,
          hellmonk_spider_entry_not_the_bees, chequers_serial_rivers_micro_a,
          roderic_batcave, uniq_sonja
Lair:4:   layout_long_grid, slime_entry_2, grunt_megastairs_5

Skill      XL: |  1  2  3  4  5  6  7  8  9 10 11 12 13 |
---------------+----------------------------------------+-----
Unarmed Combat | 4 6 7 8 9 10 12 13 14 15 | 15.3
Shapeshifting  | 4 5 6 7 8 9 10 | 10.4
Invocations    | 1 3 5 6 7 9 |  9.6
Fighting       | 3 4 6 7 8 |  8.8
Dodging        | 3 4 6 7 |  7.3
Armour         | 1 4 5 |  5.1

Action                     |  1- 3 |  4- 6 |  7- 9 | 10-12 | 13-15 || total
---------------------------+-------+-------+-------+-------+-------++-------
  Melee: Unarmed           |    58 |    84 |   328 |   562 |    65 ||  1097
         Punch             |     3 |       |       |       |       ||     3
 Invoke: Heroism           |       |       |     1 |     3 |     1 ||     5
  Evoke: Wand              |       |       |       |     1 |       ||     1
    Use: Scroll            |       |       |    12 |     4 |     1 ||    17
         Potion            |       |       |       |     2 |       ||     2
   Stab: Sleeping          |       |       |       |     2 |       ||     2
 Armour: Animal skin       |    32 |    66 |    56 |       |       ||   154
         Ring mail         |       |       |    55 |       |       ||    55
         Robe              |       |       |    56 |   174 |       ||   230
         Skin              |       |       |       |    44 |       ||    44
         Chain mail        |       |       |       |   303 |    89 ||   392
  Dodge: Dodged            |    44 |    91 |   246 |   589 |    80 ||  1050
   Form: Flux              |     1 |       |       |       |       ||     1

Table legend: (Time is in decaauts)
 A = Elapsed time spent in this place.
 B = Non-inter-level travel time spent in this place.
 C = Inter-level travel time spent in this place.
 D = Time resting spent in this place.
 E = Time spent auto-exploring this place.
 F = Levels seen in this place.
 G = Mean time per level.
                   A        B        C        D        E       F      G
               +--------+--------+--------+--------+--------+-----+--------+
         Total |   6105 |   5906 |    199 |      2 |   3728 |  17 |  359.1 |
       Dungeon |   4694 |   4544 |    150 |      2 |   3143 |  10 |  469.4 |
        Temple |     54 |      5 |     49 |      0 |      0 |   1 |   54.0 |
          Lair |    893 |    893 |      0 |      0 |    342 |   4 |  223.2 |
         Sewer |    156 |    156 |      0 |      0 |     97 |   1 |  156.0 |
        Bailey |    306 |    306 |      0 |      0 |    145 |   1 |  306.0 |
               +--------+--------+--------+--------+--------+-----+--------+

Top non-repeatable levels by time:
     D:8: 657 daAuts
     D:7: 641 daAuts
    D:10: 548 daAuts
     D:5: 533 daAuts
     D:9: 520 daAuts
  Lair:3: 480 daAuts
     D:2: 424 daAuts
     D:6: 380 daAuts
     D:3: 339 daAuts
     D:1: 331 daAuts
     D:4: 318 daAuts
  Bailey: 306 daAuts
  Lair:1: 163 daAuts
   Sewer: 156 daAuts
  Lair:2: 142 daAuts
